 Dungeon Crawl Stone Soup version 0.29.1-4-g47bece8355 (webtiles) character file.

Game seed: 2055911056520406562

45 styxcanada the Sneak (level 3, -2/18 HPs)
             Began as a Spriggan Brigand on Dec 8, 2022.
             Killed from afar by Natasha (11 damage)
             ... with a magic dart
             ... on level 2 of the Dungeon.
             The game lasted 00:04:49 (1579 turns).

styxcanada the Sneak (Spriggan Brigand)             Turns: 1579, Time: 00:04:49

Health: -2/18      AC:  3    Str:  7    XL:     3   Next: 42%
Magic:  4/4        EV: 17    Int: 12    God:
Gold:   24         SH:  0    Dex: 18    Spells: 2/2 levels left

rFire   . . .      SeeInvis +   a - +3 dagger
rCold   . . .      Faith    .   (no shield)
rNeg    . . .      Spirit   .   b - +0 robe
rPois   .          Reflect  .   (helmet restricted)
rElec   .          Harm     .   c - +0 cloak
rCorr   +          Rampage  .   (gloves unavailable)
Will    .....                   (boots unavailable)
Stlth   ++++......              (no amulet)
HPRegen 0.06/turn               m - ring of resist corrosion
MPRegen 0.09/turn               (no ring)

@: very quick
A: very small, no large weapons, unfitting armour, see invisible, speed 3
a: no special abilities


You were on level 2 of the Dungeon.
You visited 1 branch of the dungeon, and saw 2 of its levels.

You collected 24 gold pieces.

Inventory:

Hand Weapons
 a - a +3 dagger (weapon)
 i - a +0 sling
Missiles
 d - 8 poisoned darts (quivered)
 e - 3 curare-tipped darts
 f - 17 stones
Armour
 b - a +0 robe (worn)
 c - a +0 cloak (worn)
Jewellery
 m - a ring of resist corrosion (left hand)
Scrolls
 g - a scroll of enchant weapon
 h - a scroll of teleportation {unknown}
Potions
 l - a potion of degeneration {unknown}


   Skills:
 * Level 1.8 Fighting
 + Level 2.2 Short Blades
 + Level 2.0 Throwing
 * Level 1.9 Dodging
 * Level 7.4 Stealth


You had 2 spell levels left.
You didn't know any spells.
Your spell library was empty.

Dungeon Overview and Level Annotations

Branches:
Dungeon (2/15)

Altars:

Annotations:
D:2 Natasha


Innate Abilities, Weirdness & Mutations

You are very small and have problems with some larger weapons.
You are too small for most types of armour.
You have supernaturally acute eyesight. (SInv)
You cover ground extremely quickly. (Speed+++)


Message History

Natasha mewls in sadness.
Throw: 9 darts (poison)
Press: ? - help, Q - select action, (/) - cycle Shift-Dir - straight line, f/p - Natasha
Aim: Natasha (poisoned, 55% to hit)
You throw a poisoned dart.
The poisoned dart barely misses Natasha.
Unknown command.
Throw: 8 darts (poison)
Press: ? - help, Q - select action, (/) - cycle Shift-Dir - straight line, f/p - Natasha
Aim: Natasha (poisoned, 55% to hit)
You throw a poisoned dart. The poisoned dart hits Natasha.
Natasha looks even sicker.
Unknown command.
Found 4 stones.
Natasha casts a spell.
You see here 4 stones.
Natasha mumbles some strange words.
The crimson imp blinks!
You start resting.
A shadow imp is nearby!
You see here the felid corpse of Natasha.
You see here a poisoned dart.
d - 8 poisoned darts (gained 1)
Things that are here:
a +0 dagger; a goblin corpse
d - 9 poisoned darts (gained 1)
You start resting.
A shadow imp is nearby!
Things that are here:
a +0 dagger; a goblin corpse You see here a poisoned dart.
Throw: 9 darts (poison)
Press: ? - help, Q - select action, (/) - cycle Shift-Dir - straight line, f/p - Natasha
Aim: Natasha (severely wounded, 55% to hit)
You throw a poisoned dart.
The poisoned dart closely misses Natasha.
Natasha stares at you and mumbles some strange words.
The magic dart hits you!
Ouch! That really hurt!
You die...

*,#,* #.######.......,,,
*,*,* #..............***
*,,,* ###..........#**
*,,** #.##......## *,,*
*#.###.....# *,,*
*#.#.##.#...###***
*,,*#####.#*#.#.#......,,,
#,,*#.)..## ##.....####***
#.,*#.###@###.#.#.##
#.<##.####†#.##.#.#
#....5......###.#.#
###.#.####h.......#
#.#(##....†...###
#,#.##.##.###.#
*,#.##.##(# #.#
#,#.##.##.# *,*
#.#h##.##.##*,*


You could see Natasha.

Vanquished Creatures
  Natasha (D:2)
  A dart slug (D:1)
  5 bats
  4 goblins
  A ball python (D:1)
  4 kobolds
  4 rats (D:1)
20 creatures vanquished.

Notes
Turn   | Place    | Note
-------+----------+-------------------------------------------
     0 | D:1      | styxcanada the Spriggan Brigand began the quest for the
                  | Orb.
     0 | D:1      | Reached XP level 1. HP: 10/10 MP: 2/2
   116 | D:1      | Reached skill level 6 in Stealth
   298 | D:1      | Found a faded altar of an unknown god.
   391 | D:1      | Reached XP level 2. HP: 3/15 MP: 3/3
  1457 | D:2      | Noticed Natasha
  1469 | D:2      | Noticed a crimson imp
  1472 | D:2      | Killed Natasha
  1473 | D:2      | Reached skill level 7 in Stealth
  1473 | D:2      | Reached XP level 3. HP: 3/18 MP: 4/4
  1542 | D:2      | Noticed Natasha
  1579 | D:2      | Killed from afar by Natasha

Illustrated notes

Levels and vault maps discovered:
D:1:      nzn_arrival_crosshair, layout_basic, basic_ecumenical_altar
D:2:      layout_loops_ring, uniq_natasha

Skill      XL: |  1  2 |
---------------+-------+-----
Stealth        | 6 7 |  7.4
Fighting       | |  1.8
Short Blades   | |  2.2
Throwing       | |  2.0
Dodging        | |  1.9

Action                   || total
-------------------------++-------
Melee: Dagger            ||    45
Throw: Dart              ||     7
  Use: Scroll            ||     5
 Stab: Sleeping          ||     5
Armor: Robe              ||     9
Dodge: Dodged            ||    48
